 Dungeon Crawl Stone Soup version 0.31-a0-37-g98a128e1d9 (webtiles) character file.

Game seed: 5205397897344739357

3588 demibob the Cruncher (level 9, 0/61 HPs)
             Began as a Demonspawn Gladiator on May 14, 2023.
             Was a High Priest of Vehumet.
             Killed by divine providence
             ... invoked by an orc priest
              (14 damage)
             ... on level 9 of the Dungeon.
             The game lasted 00:22:47 (10840 turns).

demibob the Cruncher (Demonspawn Gladiator)        Turns: 10840, Time: 00:22:48

Health: 0/61       AC:  7    Str: 18    XL:     9   Next: 85%
Magic:  11/11      EV: 19    Int: 17    God:    Vehumet [*****.]
Gold:   494        SH:  0    Dex: 14    Spells: 2/10 levels left

rFire   + . .        a - +1 quarterstaff (venom)
rCold   . . .        (shield currently unavailable)
rNeg    . . .        b - +0 leather armour
rPois   +            c - +1 helmet
rElec   +            (no cloak)
rCorr   +            n - +0 pair of gloves
SInv    .            u - +0 pair of boots
Will    .....        y - amulet of faith {!P}
Stlth   +            E - +5 ring of evasion
HPRegen 0.30/turn    I - +6 ring of intelligence
MPRegen 0.12/turn

%: faith
@: resistant, invisible
A: hooves 2, repulsion field 1, powered by pain 2, wild magic 1, cold
vulnerability 1
a: Renounce Religion


You were on level 9 of the Dungeon.
You worshipped Vehumet.
Vehumet was extremely pleased with you.
You visited 1 branch of the dungeon, and saw 9 of its levels.
You also visited: Sewer.

You collected 614 gold pieces.
You spent 120 gold pieces at shops.


Innate Abilities, Weirdness & Mutations

You have hoof-like feet.
You are surrounded by a mild repulsion field. (EV +2)
You sometimes gain power by taking damage.
Your spells are a little harder to cast, but a little more powerful.
You are vulnerable to cold. (rC-)


   Skills:
 - Level 2.0 Fighting
 * Level 11.1 Staves
 - Level 1.7 Throwing
 - Level 2.6 Dodging
 - Level 1.3 Spellcasting
 - Level 7.3 Conjurations
 + Level 0.0 Translocations
 - Level 1.1 Ice Magic
 + Level 0.0 Evocations


You had 2 spell levels left.
You knew the following spells:

 Your Spells              Type           Power      Damage    Failure   Level
f - Freeze                Ice            24%        1d4       6%          1
m - Magic Dart            Conj           100%       1d8       1%          1
s - Searing Ray           Conj           68%        2d6       1%          2
X - Iskenderun's Mystic   Conj/Tloc      17%        2d5       17%         4

Your spell library contained the following spells:

 Spells                   Type           Power      Damage    Failure   Level
 Arcjolt                  Conj/Air       8%         1d18      41%         5
 Kiss of Death            Conj/Necr      68%        2d10      2%          1
 Sandblast                Erth           2%         2d4       9%          1
 Apportation              Tloc           2%         N/A       32%         1
 Call Imp                 Summ           2%         N/A       45%         2
 Passwall                 Tmut/Erth      0%         N/A       45%         2
 Sublimation of Blood     Necr           1%         N/A       45%         2
 Wereblood                Tmut           1%         N/A       45%         2
 Stone Arrow              Conj/Erth      34%        3d9       6%          3
 Mephitic Cloud           Conj/Pois/Air  12%        N/A       10%         3
 Confusing Touch          Hex            1%         N/A       67%         3
 Dispel Undead            Necr           1%         3d6       96%         4
 Alistair's Intoxication  Tmut/Pois      0%         N/A       100%        5
 Summon Hydra             Summ           0%         N/A       100%        7

Inventory:

Hand Weapons
 a - a +1 quarterstaff of venom (weapon)
Missiles
 d - 4 throwing nets {=f}
 e - 7 javelins
 f - 11 poisoned darts
Armour
 b - a +0 leather armour (worn)
 c - a +1 helmet (worn)
 n - a +0 pair of gloves (worn)
 u - a +0 pair of boots (worn)
Magical Staves
 p - a staff of conjuration {!a}
Jewellery
 w - an amulet of guardian spirit
 y - an amulet of faith (around neck) {!P}
 E - a +5 ring of evasion (left hand)
 I - a +6 ring of intelligence (right hand)
 P - a ring of poison resistance
 R - a ring of resist corrosion
Wands
 g - a wand of charming (1)
 t - a wand of roots (13)
Scrolls
 i - a scroll of teleportation {@r2}
 l - 2 scrolls of magic mapping
 m - a scroll of enchant armour
 r - 2 scrolls of enchant weapon
 v - 5 scrolls of identify {@r1}
Potions
 h - a potion of attraction
 j - a potion of magic
 q - a potion of resistance
 s - a potion of flight
 x - a potion of brilliance
Miscellaneous
 o - a piece from Xom's chessboard (15/15)

Dungeon Overview and Level Annotations

Branches:
Dungeon (9/15)             Temple (0/1) D:6           Sewer (visited)
   Lair: D:8-11         Orc: D:9-12

Altars:
Ashenzari
Cheibriados
Hepliaklqana
Vehumet
Xom

Shops:
D:8

* #.##.# #..
#.~#.# #.# #≈~~.#
#.. ## #.≈~.####.#
.. #.#~~##.... .#
#.#~~##.#o##.##
#.#.~##.#oooo)#
#.#.≈##.#o#.8..oo.
#.#≈≈##.#@#ooo####
#...≈≈#.#.####+
#....≈....#
#####~#...#
#####.# #.# #.#
#.# #.#


You could see an orc priest (unable to see you), an orc wizard (unable to see
you) and 2 orcs.


Message History

The orc wizard attacks as you move away!
The orc wizard hits you with a +0 dagger.
You barely miss the orc. The orc hits you with a +0 flail.
The orc priest mumbles some strange prayers to Beogh against you.
Beogh smites you!
You focus on the pain.
You feel your power returning.
You closely miss the orc.
The orc priest mumbles some strange prayers to Beogh against you.
Beogh smites you!
* * * LOW HITPOINT WARNING * * *
The orc hits you but does no damage.
You are too injured to fight recklessly!
You are too injured to fight recklessly!
You hit the orc.
The orc is poisoned.
The orc is severely wounded.
The orc misses you.
You feel protected. The orc completely misses you.
You closely miss the orc.
The orc is severely wounded.
You barely miss the orc.
The orc is severely wounded.
The orc completely misses you.
You closely miss the orc.
The orc is severely wounded.
The orc hits you with a +0 flail.
* * * LOW HITPOINT WARNING * * *
You fade into invisibility!
The orc priest mumbles some strange prayers to Beogh against you.
Beogh smites you!
You die...

Skill      XL: |  1  2  3  4  5  6  7  8  9 |
---------------+----------------------------+-----
Staves         | 3 4 5 6 7 9 11 | 11.1
Ice Magic      | 1 |  1.1
Conjurations   | 1 2 3 5 7 |  7.3
Spellcasting   | 1 |  1.3
Fighting       | |  2.0
Throwing       | |  1.7
Dodging        | |  2.6

Action                     |  1- 3 |  4- 6 |  7- 9 || total
---------------------------+-------+-------+-------++-------
  Melee: Quarterstaff      |   110 |   348 |   474 ||   932
         Kick              |       |       |    13 ||    13
  Throw: Dart              |     3 |     2 |       ||     5
   Cast: Freeze            |       |     1 |     1 ||     2
         Searing Ray       |       |     5 |    47 ||    52
  Evoke: Wand              |       |       |     6 ||     6
    Use: Scroll            |     5 |     7 |    11 ||    23
         Potion            |     1 |     6 |     9 ||    16
   Stab: Sleeping          |     2 |       |     2 ||     4
 Armour: Leather armour    |    31 |    90 |    74 ||   195
         Skin              |       |    18 |       ||    18
  Dodge: Dodged            |    86 |   296 |   380 ||   762

Levels and vault maps discovered:
D:1:      dreamdust_arrival_sigmund_warning, layout_loops_cross
D:2:      kb_forest_paths, layout_basic, basic_ecumenical_altar,
          minmay_crystal_room, minmay_vboxes, uniq_natasha
D:3:      minmay_razor_zed, layout_basic, lightli_sewer_entry_pipes, uniq_robin
D:4:      layout_layer_cave
D:5:      layout_basic
D:6:      layout_layer_cave, minmay_temple_entry_statues_fountains,
          kennysheep_generic_room_13
D:7:      layout_rooms, regret_index_temple_of_mockery,
          cheibrodos_ashenzari_chains, cheibrodos_worm_habitat,
          serial_bayou_pond_d, water_boxes_lemuel
D:8:      hellmonk_crumbling_castle, layout_loops_ring, serial_shops,
          nicolae_shop_crystal, uniq_maggie
D:9:      kennysheep_blocky_room, layout_loops_ring,
          lemuel_coloured_pillars_altar, minmay_lair_entry_grove,
          hiddenorc2_lemuel, serial_rivers, chequers_serial_rivers_large_a,
          chequers_serial_rivers_marsh, chequers_serial_rivers_marsh,
          chequers_serial_rivers_small_a, minmay_fire_ice_demons, uniq_erolcha

Notes
Turn   | Place    | Note
-------+----------+-------------------------------------------
     0 | D:1      | demibob the Demonspawn Gladiator began the quest for the
                  | Orb.
     0 | D:1      | Reached XP level 1. HP: 16/16 MP: 1/1
    51 | D:1      | Reached skill level 3 in Staves
   126 | D:1      | Gained mutation: You sometimes gain a little power by
                  | taking damage. [demonic ancestry]
   126 | D:1      | Reached XP level 2. HP: 22/22 MP: 2/2
   841 | D:2      | Gained mutation: You are surrounded by a mild repulsion
                  | field. (EV +2) [demonic ancestry]
   841 | D:2      | Reached XP level 3. HP: 27/27 MP: 3/3
   947 | D:2      | Reached skill level 4 in Staves
  1125 | D:2      | Found a faded altar of an unknown god.
  1175 | D:2      | Gained mutation: You sometimes gain power by taking damage.
                  | [demonic ancestry]
  1175 | D:2      | Reached XP level 4. HP: 11/33 MP: 4/4
  1195 | D:2      | Prayed at the altar of an unknown god.
  1195 | D:2      | Became a worshipper of Vehumet
  1195 | D:2      | Reached * piety under Vehumet
  1195 | D:2      | Offered knowledge of Freeze by Vehumet.
  1198 | D:2      | Learned a level 1 spell: Freeze
  1380 | D:2      | Noticed Natasha
  1394 | D:2      | Killed Natasha
  1452 | D:2      | Noticed Natasha
  1697 | D:2      | Killed Natasha
  1698 | D:2      | Reached skill level 5 in Staves
  1698 | D:2      | Reached skill level 1 in Ice Magic
  1700 | D:2      | Learned a level 1 spell: Magic Dart
  1813 | D:2      | Reached XP level 5. HP: 38/38 MP: 5/5
  1820 | D:2      | Noticed Natasha
  1834 | D:2      | HP: 5/57 [cerulean imp/+2 spear[Natasha] (3)]
  1841 | D:2      | Killed Natasha
  2296 | D:3      | Reached skill level 1 in Conjurations
  2356 | D:3      | Offered knowledge of Scorch by Vehumet.
  2367 | D:3      | Reached ** piety under Vehumet
  2394 | D:3      | Found a glowing drain.
  2401 | Sewer    | Entered a sewer
  2591 | Sewer    | Reached XP level 6. HP: 43/44 MP: 6/6
  2717 | Sewer    | Offered knowledge of Searing Ray by Vehumet.
  2730 | Sewer    | Learned a level 2 spell: Searing Ray
  2847 | Sewer    | Reached *** piety under Vehumet
  2848 | Sewer    | Reached skill level 6 in Staves
  2848 | Sewer    | Reached skill level 2 in Conjurations
  3283 | D:3      | Offered knowledge of Fulminant Prism by Vehumet.
  3313 | D:3      | Gained mutation: You have large cloven feet. [demonic
                  | ancestry]
  3313 | D:3      | Reached XP level 7. HP: 50/50 MP: 7/7
  3352 | D:3      | Reached skill level 3 in Conjurations
  3678 | D:3      | Noticed Robin
  3691 | D:3      | Killed Robin
  3907 | D:3      | Reached **** piety under Vehumet
  4137 | D:3      | Identified a potion of resistance
  4260 | D:3      | Reached skill level 7 in Staves
  4279 | D:4      | Offered knowledge of Iskenderun's Mystic Blast by Vehumet.
  5391 | D:5      | Entered Level 5 of the Dungeon
  5482 | D:5      | Reached skill level 1 in Spellcasting
  5648 | D:5      | Gained mutation: You have hoof-like feet. [demonic
                  | ancestry]
  5648 | D:5      | Reached XP level 8. HP: 38/56 MP: 9/9
  5659 | D:5      | Learned a level 4 spell: Iskenderun's Mystic Blast
  5921 | D:5      | Reached skill level 4 in Conjurations
  6321 | D:6      | Reached skill level 8 in Staves
  6529 | D:6      | Found a staircase to the Ecumenical Temple.
  7542 | D:6      | HP: 5/56 [orc warrior/+3 scimitar (14)]
  7753 | D:5      | Reached skill level 5 in Conjurations
  7845 | D:6      | Reached skill level 9 in Staves
  8475 | D:6      | HP: 4/56 [vampire mosquito (9)]
  8477 | D:6      | Reached XP level 9. HP: 5/61 MP: 11/11
  8880 | D:6      | Reached skill level 6 in Conjurations
  8899 | D:7      | Reached skill level 10 in Staves
  9245 | D:7      | Found a broken altar of Ashenzari.
  9309 | D:7      | Found a hazy altar of Hepliaklqana.
  9310 | D:7      | Found a shimmering altar of Xom.
  9311 | D:7      | Noticed a spectral ugly thing
  9358 | D:7      | Found a snail-covered altar of Cheibriados.
  9849 | D:8      | Found Ytiygigi's General Store.
  9866 | D:8      | Noticed Maggie
  9875 | D:8      | Gained mutation: You are vulnerable to cold. (rC-) [potion
                  | of mutation]
  9875 | D:8      | Gained mutation: Your spells are a little harder to cast,
                  | but a little more powerful. [potion of mutation]
  9893 | D:8      | Killed Maggie
  9894 | D:8      | Reached skill level 7 in Conjurations
 10047 | D:8      | Bought a potion of invisibility for 120 gold pieces
 10140 | D:8      | Reached ***** piety under Vehumet
 10141 | D:8      | Reached skill level 11 in Staves
 10176 | D:8      | Offered knowledge of Arcjolt by Vehumet.
 10840 | D:9      | Killed from afar by an orc priest

Vanquished Creatures
  Maggie (D:8)
  A hornet (D:7)
  4 vampire mosquitoes (D:6)
  3 water moccasins
  A black bear (D:6)
  An ice beast (D:6)
  2 orc warriors
  An ogre (D:4)
  2 kobold brigands (D:7)
  3 bullfrogs
  3 wights (D:7)
  5 howler monkeys
  An electric eel (D:7)
  A jelly (D:5)
  6 orc priests
  A gnoll bouda (D:6)
  An iguana (D:5)
  A sleepcap (D:6)
  Natasha (thrice) (D:2)
  13 orc wizards
  Robin (D:3)
  17 adders
  2 river rats (D:3)
  A shadow imp (D:7)
  A white imp (D:8)
  2 ufetubi (D:5)
  11 worms
  A dart slug (D:2)
  50 orcs
  23 ball pythons
  4 bats
  13 endoplasms
  17 giant cockroaches
  19 goblins
  13 hobgoblins
  17 kobolds
  8 quokkas
  10 frilled lizards
  12 rats
276 creatures vanquished.

Table legend: (Time is in decaauts)
 A = Elapsed time spent in this place.
 B = Non-inter-level travel time spent in this place.
 C = Inter-level travel time spent in this place.
 D = Time resting spent in this place.
 E = Time spent auto-exploring this place.
 F = Levels seen in this place.
 G = Mean time per level.
                   A        B        C        D        E       F      G
               +--------+--------+--------+--------+--------+-----+--------+
         Total |  10887 |  10407 |    480 |   1095 |   7292 |  10 | 1088.7 |
       Dungeon |  10244 |   9764 |    480 |   1095 |   6899 |   9 | 1138.2 |
         Sewer |    642 |    642 |      0 |      0 |    393 |   1 |  642.0 |
               +--------+--------+--------+--------+--------+-----+--------+

Top non-repeatable levels by time:
     D:6: 2238 daAuts
     D:3: 1571 daAuts
     D:2: 1385 daAuts
     D:5: 1157 daAuts
     D:4: 1130 daAuts
     D:7: 954 daAuts
     D:8: 938 daAuts
     D:1: 773 daAuts
   Sewer: 642 daAuts
     D:9: 94 daAuts

Table legend:
 A = Non-vault XP
 B = Vault XP
 C = Vault XP percentage of total XP
 D = Non-vault monster count
 E = Vault monster count
 F = Vault count percentage of total count
                 A         B        C        D         E       F
            +---------+---------+-------+---------+---------+-------
      Total |    4139 |     988 |  19.3 |     183 |      93 |  33.7
            +---------+---------+-------+---------+---------+-------
        D:1 |      37 |       0 |   0.0 |      20 |       0 |   0.0
        D:2 |     142 |      73 |  34.0 |      26 |      13 |  33.3
        D:3 |     244 |     215 |  46.8 |      21 |      34 |  61.8
        D:4 |     246 |       0 |   0.0 |      19 |       0 |   0.0
        D:5 |     437 |       0 |   0.0 |      12 |       0 |   0.0
        D:6 |    1441 |      41 |   2.8 |      26 |       1 |   3.7
        D:7 |     845 |       5 |   0.6 |      20 |       1 |   4.8
        D:8 |     747 |     365 |  32.8 |      39 |       1 |   2.5
        D:9 |       0 |       3 | 100.0 |       0 |       1 | 100.0
      Sewer |       0 |     286 | 100.0 |       0 |      42 | 100.0
            +---------+---------+-------+---------+---------+-------
